 Dungeon Crawl Stone Soup version 0.28-a0-984-g3775c662fe (webtiles) character file.

Game seed: 13938353840588787630

35 ytrimaz the Shield-Bearer (level 3, -6/30 HPs)
             Began as a Formicid Fighter on Dec 2, 2021.
             Mangled by a black bear (8 damage)
             ... on level 2 of the Dungeon on Dec 3, 2021.
             The game lasted 00:01:30 (1813 turns).

ytrimaz the Shield-Bearer (Formicid Fighter)        Turns: 1813, Time: 00:01:32

Health: -6/30      AC:  6    Str: 22    XL:     3   Next: 52%
Magic:  3/3        EV:  9    Int:  7    God:
Gold:   87         SH:  4    Dex: 10    Spells: 2/2 levels left

rFire   . . .      SeeInvis +   a - +0 war axe
rCold   . . .      Faith    .   c - +0 buckler
rNeg    . . .      Spirit   .   b - +0 scale mail
rPois   .          Reflect  .   (helmet unavailable)
rElec   .          Harm     .   (no cloak)
rCorr   .          Rampage  .   (no gloves)
Will    .....                   (no boots)
Stlth   ..........              (no amulet)
HPRegen 0.10/turn               (no ring)
MPRegen 0.08/turn               (no ring)

@: mighty
A: permanent stasis, dig shafts and tunnels, antennae 3, four strong arms
a: Dig, Shaft Self


You were on level 2 of the Dungeon.
You visited 1 branch of the dungeon, and saw 2 of its levels.

You collected 87 gold pieces.

Inventory:

Hand Weapons
 a - a +0 war axe (weapon)
Armour
 b - a +0 scale mail (worn)
 c - a +0 buckler (worn)
Scrolls
 g - a scroll of enchant weapon
Potions
 f - 2 potions of curing


   Skills:
 + Level 3.7 Fighting
 + Level 2.6 Axes
 + Level 3.6 Armour
 + Level 4.0 Shields


You had 2 spell levels left.
You didn't know any spells.
Your spell library was empty.

Dungeon Overview and Level Annotations

Branches:
Dungeon (2/15)

Altars:


Innate Abilities, Weirdness & Mutations

You cannot be hasted, slowed, berserked, paralysed or teleported.
You can dig through walls and to a lower floor.
You have a pair of large antennae on your head. (SInv)
Your four strong arms can wield two-handed weapons with a shield.


Message History

The black bear bites you! You block the black bear's attack.
The black bear claws you but does no damage.
The black bear closely misses you. The black bear claws you.
The black bear claws you but does no damage.
You are too injured to fight recklessly!
You barely miss the black bear.
The black bear is heavily wounded.
You block the black bear's attack. x2
The black bear claws you but does no damage.
You feel very mighty all of a sudden. You block the black bear's attack. x3
You hit the black bear.
The black bear is severely wounded.
You block the black bear's attack.
The black bear claws you but does no damage. x2
You closely miss the black bear.
The black bear is severely wounded.
An adder comes into view.
The black bear bites you but does no damage.
The black bear closely misses you. The black bear barely misses you.
The black bear bites you.
The black bear claws you but does no damage.
You block the black bear's attack.
You barely miss the black bear.
The black bear is severely wounded.
The black bear closely misses you.
The black bear claws you but does no damage.
The black bear barely misses you.
You hit the black bear.
The black bear is severely wounded.
The black bear goes berserk!
Unknown command.
You barely miss the black bear.
The black bear is severely wounded.
The black bear closely misses you. The black bear claws you.
* * * LOW HITPOINT WARNING * * *
The black bear claws you.
* * * LOW HITPOINT WARNING * * *
The black bear bites you!
You die...

.................>.....
###.###.#####.#.#.#####
#.# #.#...# #.# #.#####
# #.# #.....# #.###.#
#####.# #...... #†#
#......########.#
#....Sh@......#.#
#.###.##.###.##.# ..
#.# #.# ## #.# #.####
#.# #....#
#.#######.#.#
#.....†.....#
#.#.......#.#
#.#.........#


You could see a black bear (berserk) and an adder.

Vanquished Creatures
  An adder (D:2)
  A dart slug (D:1)
  2 endoplasms
  2 giant cockroaches
  5 goblins
  2 hobgoblins (D:1)
  A quokka (D:2)
  2 ball pythons (D:1)
  A bat (D:1)
  3 kobolds (D:1)
  A rat (D:1)
21 creatures vanquished.

Notes
Turn   | Place    | Note
-------+----------+-------------------------------------------
     0 | D:1      | ytrimaz the Formicid Fighter began the quest for the Orb.
     0 | D:1      | Reached XP level 1. HP: 18/18 MP: 1/1
   206 | D:1      | Reached XP level 2. HP: 15/24 MP: 2/2
   353 | D:1      | Upgraded the game from 0.28-a0-983-g1de4e0787c to
                  | 0.28-a0-984-g3775c662fe
  1487 | D:1      | Reached XP level 3. HP: 28/29 MP: 3/3
  1638 | D:2      | Reached skill level 4 in Shields
  1800 | D:2      | Noticed a black bear
  1813 | D:2      | Mangled by a black bear

Illustrated notes

Levels and vault maps discovered:
D:1:      scummos_arrival_checkerplants, layout_basic, serial_rivers,
          chequers_serial_rivers_micro_c, chequers_serial_rivers_micro_e,
          chequers_serial_rivers_large_b, chequers_serial_rivers_small_b,
          chequers_serial_rivers_micro_e, minivault_23, serial_park_tiny_2
D:2:      layout_basic, chequers_serial_rivers_micro_b, minmay_crystal_room,
          st_stairs_13, kennysheep_jessica_study

Skill      XL: |  1  2  3 |
---------------+----------+-----
Shields        | 4 |  4.0
Fighting       | |  3.7
Axes           | |  2.6
Armour         | |  3.6

Action                   || total
-------------------------++-------
Melee: War axe           ||    51
  Use: Scroll            ||     4
       Potion            ||     2
Armor: Scale mail        ||    29
Dodge: Dodged            ||    27
Block: Buckler           ||    19

Table legend: (Time is in decaauts)
 A = Elapsed time spent in this place.
 B = Non-inter-level travel time spent in this place.
 C = Inter-level travel time spent in this place.
 D = Time resting spent in this place.
 E = Time spent auto-exploring this place.
 F = Levels seen in this place.
 G = Mean time per level.
                   A        B        C        D        E       F      G
               +--------+--------+--------+--------+--------+-----+--------+
         Total |   1882 |   1847 |     35 |    315 |   1376 |   2 |  941.0 |
       Dungeon |   1882 |   1847 |     35 |    315 |   1376 |   2 |  941.0 |
               +--------+--------+--------+--------+--------+-----+--------+

Top non-repeatable levels by time:
     D:1: 1660 daAuts
     D:2: 221 daAuts
